[Event "HUN-ch U8-U18 2019"]
[Site "Balatonlelle"]
[Date "2019.06.25"]
[Round "6.12"]
[White "Erseki, Aron"]
[Black "Kratzmajer, Akos Gyorgy"]
[Result "0-1"]
[ECO "B34"]
[WhiteElo "1854"]
[BlackElo "2048"]
[Annotator "NA"]
[PlyCount "154"]
[EventDate "2019.06.21"]
[EventType "swiss"]
[EventCountry "HUN"]
[SourceTitle "playchess.com"]
[Source "ChessBase"]
[SourceQuality "1"]
[TimeControl "40/5400+30:1800+30"]

1. e4 c5 2. Nf3 Nc6 3. d4 cxd4 4. Nxd4 Nf6 5. Nc3 e5 6. Ndb5 d6 7. Nd5 Nxd5 8. exd5 Nb8 9. c3 g6 {[%emt 0:01:42] B33: Sicilian: Pelikan and Sveshnikov Variations} (9... Be7 10. a4 O-O 11. Be2 Nd7 12. O-O b6 13. a5 bxa5 14. Be3 Nb6 15. b4 Bb7 16. c4 a6 17. bxa5 Nxc4 18. Bxc4 axb5 {0-1 (35) Gubajdullin,A (2455)-Gladyszev,O (2447) Elets 2009}) 10. Bd3 $146 ({Predecessor:} 10. Qa4 Bd7 11. Qb4 Bxb5 12. Bxb5+ Nd7 13. Bg5 Be7 14. Bh6 a6 15. Ba4 b5 16. Bc2 Nc5 17. O-O {½-½ (63) Neumann,T (1743)-Schiermeyer,L (1881) Verden 2016}) 10... a6 11. Na3 Bg7 12. Nc2 Nd7 13. Be3 O-O 14. O-O f5 15. f4 Nf6 16. Be2 Ne4 17. Bf3 exf4 18. Bd4 Re8 19. Bxg7 Kxg7 20. Qd4+ Qf6 21. Qb6 g5 22. Rae1 Qe5 23. c4 g4 24. Bd1 Rg8 25. Kh1 Kh6 26. b3 Rg5 27. Qd4 Rh5 28. Bxg4 Rh4 29. Bh3 Bd7 30. Qxe5 dxe5 31. Nb4 Re8 32. Rxe4 Rxh3 33. Rxe5 Rxe5 34. gxh3 a5 35. Nd3 Re2 36. Nxf4 Rxa2 37. Re1 a4 38. bxa4 Rxa4 39. Rc1 b5 40. Kg2 Rxc4 41. Rxc4 bxc4 42. Ne2 Kg5 43. Kg3 Kf6 44. Kf4 Ba4 45. Nc3 Bc2 46. Nb5 Be4 47. Nc3 Bh1 48. h4 h5 49. h3 Bg2 50. Kg3 Be4 51. Kf4 Bh1 52. d6 Ke6 53. d7 Kxd7 54. Kxf5 Kd6 55. Kf4 Bg2 56. Nd1 Bxh3 57. Nc3 Bd7 58. Nd1 Kc5 59. Ke3 Kd5 60. Nc3+ Ke5 61. Ne2 Kf5 62. Kf3 {[%emt 0:04:02] [#]} Bc6+ $1 63. Ke3 Kg4 64. Kd4 Bb5 (64... Bf3 $142 65. Nc3 Kxh4) 65. Kc5 Ba6 66. Kb6 Bc8 67. Kc5 Be6 68. Kd6 Bg8 69. Ke5 Kxh4 70. Kf4 Kh3 71. Kf3 Bd5+ 72. Kf2 Kg4 73. Nc3 Bc6 74. Ke3 h4 75. Nd1 h3 76. Kd4 h2 77. Kxc4 Kg3 0-1

[Event "HUN-ch U8-U18 2019"]
[Site "Balatonlelle"]
[Date "2019.06.25"]
[Round "6.13"]
[White "Papp, Levente"]
[Black "Kokeny, Norbert Adrian"]
[Result "0-1"]
[ECO "A45"]
[WhiteElo "2350"]
[BlackElo "2268"]
[Annotator "ChessBase"]
[PlyCount "142"]
[EventDate "2019.06.21"]
[EventType "swiss"]
[EventCountry "HUN"]
[SourceTitle "playchess.com"]
[Source "ChessBase"]
[SourceQuality "1"]
[TimeControl "40/5400+30:1800+30"]

1. d4 Nf6 2. Bg5 d5 3. Nd2 Bf5 4. e3 e6 5. Bd3 Bg6 6. Ngf3 Nbd7 7. Ne5 Bxd3 8. cxd3 c6 9. a3 Be7 10. O-O h6 11. Bxf6 Bxf6 12. f4 Bxe5 13. fxe5 Qg5 14. Rf3 Qe7 15. Rg3 Rg8 16. b4 O-O-O 17. b5 cxb5 18. a4 b4 19. a5 Kb8 20. Qa4 Rc8 21. Rb1 Ka8 22. Rxb4 Rc1+ 23. Kf2 Rgc8 24. Rxg7 Qh4+ 25. Rg3 R8c2 26. Ke2 Qd8 27. Qb5 Qc7 28. Rb2 Nb8 29. Rxc2 Qxc2 30. Qb3 Qc7 31. Rf3 Ra1 32. Rf1 Rxf1 33. Nxf1 Qxa5 34. Qc2 Nc6 35. Nd2 Qc7 36. Nb3 b6 37. e4 a5 38. Ke3 Kb7 39. exd5 exd5 40. Qb2 Nb4 41. Kd2 Qe7 42. Kc3 Qc7+ 43. Kd2 Qd8 44. Kd1 Qh4 45. Qe2 Qf4 46. g3 Qf5 47. Kd2 Qc8 48. Na1 Na2 49. Nc2 Qc3+ 50. Ke3 Ka6 51. Ne1 Nb4 52. Qd2 Qb3 53. Qc1 a4 54. Qc8+ Kb5 55. Qd7+ Nc6 56. Kd2 Qb4+ 57. Kc2 Qxd4 58. Nf3 Qc5+ 59. Kb1 a3 60. Nd2 Qd4 61. Kc2 Qxe5 62. g4 Qd4 63. h4 Qc5+ 64. Kb3 f6 65. h5 Qb4+ 66. Kc2 Qd4 67. Qe6 a2 68. Nb3 Nb4+ 69. Kd2 Qxd3+ 70. Ke1 Qxb3 71. Qe8+ Ka5 0-1

[Event "HUN-ch U8-U18 2019"]
[Site "Balatonlelle"]
[Date "2019.06.25"]
[Round "6.13"]
[White "Onodi, Tamas"]
[Black "Farkas, Otto Jr."]
[Result "0-1"]
[ECO "D00"]
[WhiteElo "1684"]
[BlackElo "1859"]
[Annotator "NA"]
[PlyCount "96"]
[EventDate "2019.06.21"]
[EventType "swiss"]
[EventCountry "HUN"]
[SourceTitle "playchess.com"]
[Source "ChessBase"]
[SourceQuality "1"]
[TimeControl "40/5400+30:1800+30"]

1. d4 d5 2. Bf4 Nf6 3. e3 c5 4. Nf3 Nc6 5. c3 Qb6 6. Qc2 g6 7. Nbd2 Bf5 8. dxc5 Qxc5 9. Qb3 Na5 10. Qb5+ Qxb5 11. Bxb5+ Bd7 12. Be2 Bg7 13. O-O O-O 14. Ne5 Nc6 15. Nb3 Nxe5 16. Bxe5 Rac8 17. Rfd1 Bc6 18. Rac1 Rfd8 19. h3 Ne4 20. Bxg7 Kxg7 21. Bd3 Nd6 22. Nd4 e5 23. Nxc6 Rxc6 24. e4 dxe4 25. Bxe4 Rcc8 26. Bd3 f5 27. Be2 Ne4 28. f3 Ng3 29. Kf2 f4 30. Bb5 Kf6 31. Bd7 Rc5 32. Rd2 Nf5 33. Rcd1 Ne3 34. Rd6+ Kg5 35. R1d3 Nc4 36. Re6 Nxb2 37. Rd2 Nc4 38. Rd3 Rc7 39. Re7 Nb6 40. Bb5 Rxd3 41. Rxc7 Rd2+ 42. Kg1 Nd5 43. Rxh7 Ne3 44. Ba4 Nxg2 45. Bb3 Nh4 46. Rxb7 Nxf3+ 47. Kf1 Kh4 48. Rg7 g5 0-1

[Event "HUN-ch U8-U18 2019"]
[Site "Balatonlelle"]
[Date "2019.06.25"]
[Round "6.14"]
[White "Kaloczi, Kristof"]
[Black "Vanczak, Tamas"]
[Result "0-1"]
[ECO "B00"]
[WhiteElo "2098"]
[BlackElo "2311"]
[Annotator "ChessBase"]
[PlyCount "84"]
[EventDate "2019.06.21"]
[EventType "swiss"]
[EventCountry "HUN"]
[SourceTitle "playchess.com"]
[Source "ChessBase"]
[SourceQuality "1"]
[TimeControl "40/5400+30:1800+30"]

1. e4 d6 2. g3 c5 3. Bg2 Nc6 4. d3 g6 5. Ne2 Bg7 6. O-O e6 7. c3 Nge7 8. f4 O-O 9. h3 b6 10. Nd2 Ba6 11. Nf3 Qd7 12. Be3 Rad8 13. Bf2 f5 14. Qc2 fxe4 15. dxe4 d5 16. Rfd1 Qc8 17. Ne1 d4 18. cxd4 Bxe2 19. Qxe2 Nxd4 20. Bxd4 Bxd4+ 21. Kh2 e5 22. fxe5 Qe6 23. Nf3 Bxe5 24. Ng5 Bxg3+ 25. Kh1 Rxd1+ 26. Rxd1 Qf6 27. Qc4+ Kh8 28. Rf1 Bf2 29. Ne6 b5 30. Qe2 Qxe6 31. Rxf2 Rxf2 32. Qxf2 Qe5 33. Qf7 c4 34. a4 a6 35. a5 Ng8 36. Qd5 Qxb2 37. e5 c3 38. Qd4 Qd2 39. Qxd2 cxd2 40. Bf3 Ne7 41. Kg2 Kg7 42. Kf2 Nc6 0-1

[Event "HUN-ch U8-U18 2019"]
[Site "Balatonlelle"]
[Date "2019.06.25"]
[Round "6.14"]
[White "Gyurika, Tamas"]
[Black "Kresz, Tamas"]
[Result "1-0"]
[ECO "C01"]
[WhiteElo "1643"]
[BlackElo "1766"]
[Annotator "NA"]
[PlyCount "79"]
[EventDate "2019.06.21"]
[EventType "swiss"]
[EventCountry "HUN"]
[SourceTitle "playchess.com"]
[Source "ChessBase"]
[SourceQuality "1"]
[TimeControl "40/5400+30:1800+30"]

1. e4 e6 2. d4 d5 3. exd5 exd5 4. Bd3 Bd6 5. Qf3 Nc6 6. c3 Nf6 7. h3 h6 8. Ne2 O-O 9. Be3 Ne7 10. Bxh6 Ng6 11. Bg5 Be7 12. Nd2 Re8 13. O-O-O Nf8 14. Rde1 c6 15. Ng3 Bd7 16. Nf5 Bxf5 17. Qxf5 Qa5 18. Kb1 b5 19. Nb3 Qc7 20. Nc5 b4 21. cxb4 a5 22. b5 cxb5 23. Bxb5 Reb8 24. a4 Bxc5 25. dxc5 Qxc5 26. Bxf6 gxf6 27. Re3 Ng6 28. Rc1 Qd4 29. Rd3 Qb4 30. Qxf6 Ra7 31. Rdc3 Qe4+ 32. Ka1 Rab7 33. Rc8+ Rxc8 34. Rxc8+ Kh7 35. Qc3 Qxg2 36. Bd3 Qh1+ 37. Ka2 d4 38. Qxd4 Kh6 39. f4 Nxf4 40. Qxf4+ 1-0

[Event "HUN-ch U8-U18 2019"]
[Site "Balatonlelle"]
[Date "2019.06.25"]
[Round "6.15"]
[White "Udvardi, Zalan"]
[Black "Horvath, Balazs"]
[Result "1-0"]
[ECO "C55"]
[WhiteElo "2211"]
[BlackElo "2139"]
[Annotator "ChessBase"]
[PlyCount "71"]
[EventDate "2019.06.21"]
[EventType "swiss"]
[EventCountry "HUN"]
[SourceTitle "playchess.com"]
[Source "ChessBase"]
[SourceQuality "1"]
[TimeControl "40/5400+30:1800+30"]

1. e4 e5 2. Nf3 Nc6 3. d4 exd4 4. Bc4 Nf6 5. e5 d5 6. Bb5 Ne4 7. Nxd4 Bd7 8. Bxc6 bxc6 9. O-O Bc5 10. f3 Ng5 11. f4 Ne4 12. Be3 O-O 13. Nd2 Nxd2 14. Qxd2 f6 15. Nf3 Bb6 16. Rae1 fxe5 17. Nxe5 Rf6 18. c4 Bxe3+ 19. Rxe3 Bf5 20. Rd1 Rd6 21. c5 Rf6 22. g4 Bd7 23. Qd4 Qc8 24. g5 Rf8 25. Rde1 Be8 26. h3 Qf5 27. Ng4 Bh5 28. Re7 Rf7 29. R7e5 Qd7 30. f5 Raf8 31. Re6 Qd8 32. g6 Rxf5 33. Re7 R5f6 34. Nxf6+ gxf6 35. gxh7+ Kh8 36. Qf4 1-0

[Event "HUN-ch U8-U18 2019"]
[Site "Balatonlelle"]
[Date "2019.06.25"]
[Round "6.15"]
[White "Bilku, Andras"]
[Black "Ujpal, Balint"]
[Result "1-0"]
[ECO "D36"]
[WhiteElo "1907"]
[BlackElo "1741"]
[Annotator "NA"]
[PlyCount "123"]
[EventDate "2019.06.21"]
[EventType "swiss"]
[EventCountry "HUN"]
[SourceTitle "playchess.com"]
[Source "ChessBase"]
[SourceQuality "1"]
[TimeControl "40/5400+30:1800+30"]

1. d4 d5 2. c4 e6 3. Nc3 Nf6 4. cxd5 exd5 5. Bg5 c6 6. Qc2 Be7 7. e3 h6 8. Bh4 O-O 9. Bd3 Re8 10. Nf3 Ne4 11. Bxe7 Qxe7 12. Bxe4 dxe4 13. Nd2 f5 14. h3 Nd7 15. O-O-O Nf6 16. Nc4 Be6 17. Ne5 Nd7 18. Nxd7 Qxd7 19. Kb1 Qf7 20. Rhg1 Bc4 21. Ka1 b5 22. b3 Bd3 23. Qb2 a5 24. Rd2 Reb8 25. g4 a4 26. b4 f4 27. a3 fxe3 28. fxe3 Qf3 29. Nd1 Qxh3 30. g5 Kh7 31. gxh6 gxh6 32. Rdg2 Rg8 33. d5 Rxg2 34. Rxg2 Rg8 35. Rxg8 Kxg8 36. dxc6 Qe6 37. c7 Qg4 38. Qd2 h5 39. Nc3 Qf5 40. Kb2 Qe6 41. Ka1 Kh7 42. Qh2 Qg4 43. Qf2 Kg7 44. Qb2 Kh7 45. Qf2 Kg7 46. Kb2 Qe6 47. Qg3+ Kh7 48. Ka1 Qf5 49. Qf4 Qg6 50. Qh2 Qf5 51. Kb2 Qg4 52. Kc1 Qf5 53. Kd2 Bc4 54. Nxe4 Qd5+ 55. Ke1 Qxe4 56. Qxh5+ Kg7 57. Qg5+ Kh7 58. c8=Q Qh1+ 59. Kd2 Qh2+ 60. Kc3 Qc2+ 61. Kxc2 Bd3+ 62. Kd2 1-0

[Event "HUN-ch U8-U18 2019"]
[Site "Balatonlelle"]
[Date "2019.06.25"]
[Round "6.16"]
[White "Kovacs, Gabor Etele"]
[Black "Acs, Marton"]
[Result "1/2-1/2"]
[ECO "C94"]
[WhiteElo "2062"]
[BlackElo "2138"]
[Annotator "NA"]
[PlyCount "35"]
[EventDate "2019.06.21"]
[EventType "swiss"]
[EventCountry "HUN"]
[SourceTitle "playchess.com"]
[Source "ChessBase"]
[SourceQuality "1"]
[TimeControl "40/5400+30:1800+30"]

1. e4 e5 2. Nf3 Nc6 3. Bb5 a6 4. Ba4 Nf6 5. O-O Be7 6. Re1 b5 7. Bb3 d6 8. c3 O-O 9. h3 Nb8 10. d3 Bb7 11. Nbd2 Re8 12. Nf1 Bf8 13. Bg5 h6 14. Bh4 Nbd7 15. Ne3 c6 16. Nh2 g6 17. Qf3 Bg7 18. Nhg4 1/2-1/2

[Event "HUN-ch U8-U18 2019"]
[Site "Balatonlelle"]
[Date "2019.06.25"]
[Round "6.16"]
[White "Kun, Balint"]
[Black "Kovacs, Patrik Zsolt"]
[Result "1/2-1/2"]
[ECO "B11"]
[WhiteElo "1813"]
[BlackElo "1903"]
[Annotator "NA"]
[PlyCount "50"]
[EventDate "2019.06.21"]
[EventType "swiss"]
[EventCountry "HUN"]
[SourceTitle "playchess.com"]
[Source "ChessBase"]
[SourceQuality "1"]
[TimeControl "40/5400+30:1800+30"]

1. e4 c6 2. Nc3 d5 3. Nf3 Bg4 4. h3 Bh5 5. exd5 cxd5 6. g4 Bg6 7. Ne5 Nc6 8. d4 e6 9. a3 Bd6 10. Nxg6 hxg6 11. Be3 Nge7 12. Qd2 a6 13. Bf4 Bxf4 14. Qxf4 Qb6 15. O-O-O Rc8 16. Na4 Qc7 17. Qxc7 Rxc7 18. Bg2 Nc8 19. Rhe1 O-O 20. Rd3 Nd6 21. Kb1 Rd8 22. c3 Nb8 23. Nc5 Nd7 24. Nxd7 Rdxd7 25. f3 Rc8 1/2-1/2

[Event "HUN-ch U8-U18 2019"]
[Site "Balatonlelle"]
[Date "2019.06.25"]
[Round "6.17"]
[White "Tancsa, Tamas"]
[Black "Szikszai, Bertalan"]
[Result "1-0"]
[ECO "B90"]
[WhiteElo "2158"]
[BlackElo "1896"]
[Annotator "NA"]
[PlyCount "75"]
[EventDate "2019.06.21"]
[EventType "swiss"]
[EventCountry "HUN"]
[SourceTitle "playchess.com"]
[Source "ChessBase"]
[SourceQuality "1"]
[TimeControl "40/5400+30:1800+30"]

1. e4 c5 2. Nf3 d6 3. d4 cxd4 4. Nxd4 Nf6 5. Nc3 a6 6. f3 e5 7. Nb3 Be6 8. Be3 h5 9. Nd5 Bxd5 10. exd5 Nbd7 11. Qd2 g6 12. Be2 Bg7 13. O-O O-O 14. Rac1 Rc8 15. c4 Re8 16. Na1 Qe7 17. b4 Bf8 18. Nb3 Nh7 19. c5 Nb8 20. Na5 dxc5 21. bxc5 Qd7 22. d6 Nc6 23. Nc4 Rcd8 24. Nb6 Qf5 25. Bd3 Qe6 26. Bc4 Qf5 27. Nd5 Qc8 28. Bg5 Nd4 29. Bxd8 Qxd8 30. Nc7 Bxd6 31. cxd6 Qxd6 32. Nd5 Rc8 33. Qb4 Rc5 34. Qxb7 Ng5 35. Qe7 Rxd5 36. Qxg5 Rc5 37. f4 Qc7 38. Qxg6+ 1-0

[Event "HUN-ch U8-U18 2019"]
[Site "Balatonlelle"]
[Date "2019.06.25"]
[Round "6.17"]
[White "Pogany, Zsombor"]
[Black "Miszler, Levente"]
[Result "1/2-1/2"]
[ECO "A01"]
[WhiteElo "2121"]
[BlackElo "2041"]
[Annotator "NA"]
[PlyCount "34"]
[EventDate "2019.06.21"]
[EventType "swiss"]
[EventCountry "HUN"]
[SourceTitle "playchess.com"]
[Source "ChessBase"]
[SourceQuality "1"]
[TimeControl "40/5400+30:1800+30"]

1. b3 e5 2. Bb2 Nc6 3. e3 g6 4. Nf3 Bg7 5. Bb5 Nge7 6. e4 a6 7. Bxc6 Nxc6 8. d4 exd4 9. Nxd4 Qh4 10. O-O Nxd4 11. Bxd4 O-O 12. Bxg7 Kxg7 13. Re1 d6 14. Nc3 Be6 15. Nd5 Bxd5 16. Qxd5 Rab8 17. g3 Qf6 1/2-1/2

[Event "HUN-ch U8-U18 2019"]
[Site "Balatonlelle"]
[Date "2019.06.25"]
[Round "6.18"]
[White "Vodila, Martin Botond"]
[Black "Hatala, Csaba Laszlo"]
[Result "1-0"]
[ECO "B34"]
[WhiteElo "2243"]
[BlackElo "1958"]
[Annotator "ChessBase"]
[PlyCount "103"]
[EventDate "2019.06.21"]
[EventType "swiss"]
[EventCountry "HUN"]
[SourceTitle "playchess.com"]
[Source "ChessBase"]
[SourceQuality "1"]
[TimeControl "40/5400+30:1800+30"]

1. e4 c5 2. Nf3 Nc6 3. d4 cxd4 4. Nxd4 g6 5. Nxc6 bxc6 6. Qd4 Nf6 7. e5 Nd5 8. Bc4 Qb6 9. Qxb6 Nxb6 10. Bb3 Bg7 11. f4 d6 12. exd6 exd6 13. O-O O-O 14. c3 Be6 15. Be3 Rfe8 16. Kf2 f5 17. Bxb6 axb6 18. Nd2 b5 19. Rfe1 Kf7 20. Nf3 Bf6 21. Red1 Bxb3 22. axb3 d5 23. b4 Reb8 24. g3 h6 25. h4 Kg7 26. Ke3 Kf7 27. Kd3 Rxa1 28. Rxa1 Re8 29. Ra6 Re6 30. Ra7+ Re7 31. Ra8 Re6 32. Rc8 Ke7 33. Rc7+ Kd6 34. Rh7 h5 35. Ra7 Re7 36. Rxe7 Kxe7 37. Ne5 Bxe5 38. fxe5 Ke6 39. Kd4 Ke7 40. Ke3 Kf8 41. Kf4 Ke7 42. Kg5 Kf7 43. Kh6 Ke6 44. Kxg6 Kxe5 45. Kxh5 f4 46. gxf4+ Kxf4 47. Kg6 Ke4 48. h5 d4 49. cxd4 Kxd4 50. h6 Kc4 51. h7 Kxb4 52. h8=Q 1-0

[Event "HUN-ch U8-U18 2019"]
[Site "Balatonlelle"]
[Date "2019.06.25"]
[Round "6.18"]
[White "Tran, David"]
[Black "Palczert, Matyas"]
[Result "1-0"]
[ECO "B40"]
[WhiteElo "2078"]
[BlackElo "2007"]
[Annotator "NA"]
[PlyCount "55"]
[EventDate "2019.06.21"]
[EventType "swiss"]
[EventCountry "HUN"]
[SourceTitle "playchess.com"]
[Source "ChessBase"]
[SourceQuality "1"]
[TimeControl "40/5400+30:1800+30"]

1. e4 c5 2. Nf3 e6 3. d3 d5 4. Nbd2 Nc6 5. g3 Nf6 6. Bg2 Be7 7. O-O O-O 8. e5 Nd7 9. Re1 Qc7 10. Qe2 b5 11. Nf1 Bb7 12. h4 Rfc8 13. h5 h6 14. Bf4 Qd8 15. N1h2 a5 16. Ng4 Bf8 17. Qd2 Kh7 18. Nh4 Be7 19. Nf3 Bf8 20. Nh4 b4 21. c4 bxc3 22. bxc3 Be7 23. Bxh6 Bxh4 24. gxh4 gxh6 25. Qxh6+ Kg8 26. Re3 Qf8 27. Nf6+ Nxf6 28. Rg3+ 1-0

[Event "HUN-ch U8-U18 2019"]
[Site "Balatonlelle"]
[Date "2019.06.25"]
[Round "6.19"]
[White "Herczeg, Marcell"]
[Black "Konyves, Almos"]
[Result "0-1"]
[ECO "B84"]
[WhiteElo "1783"]
[BlackElo "2125"]
[Annotator "NA"]
[PlyCount "64"]
[EventDate "2019.06.21"]
[EventType "swiss"]
[EventCountry "HUN"]
[SourceTitle "playchess.com"]
[Source "ChessBase"]
[SourceQuality "1"]
[TimeControl "40/5400+30:1800+30"]

1. e4 c5 2. Nf3 d6 3. d4 cxd4 4. Nxd4 Nf6 5. Nc3 a6 6. Be2 e6 7. Be3 Be7 8. Qd2 Qc7 9. O-O Nbd7 10. f4 b5 11. Bf3 Bb7 12. f5 e5 13. Nde2 b4 14. Nd5 Bxd5 15. exd5 e4 16. Bxe4 Nxe4 17. Qxb4 Nef6 18. c4 O-O 19. b3 Rab8 20. Qe1 Ng4 21. Bd2 Bf6 22. Rc1 Rfe8 23. h3 Nge5 24. Qg3 Nc5 25. Bf4 Ned3 26. Rc2 Nb4 27. Bxd6 Qc8 28. Rcc1 Ne4 29. Qg4 Nxd6 30. Nf4 Re4 31. a3 Nd3 32. Rcd1 Qc5+ 0-1

[Event "HUN-ch U8-U18 2019"]
[Site "Balatonlelle"]
[Date "2019.06.25"]
[Round "6.19"]
[White "Monduk, Ferenc"]
[Black "Bohus, Adam"]
[Result "0-1"]
[ECO "D21"]
[WhiteElo "1717"]
[BlackElo "2196"]
[Annotator "ChessBase"]
[PlyCount "92"]
[EventDate "2019.06.21"]
[EventType "swiss"]
[EventCountry "HUN"]
[SourceTitle "playchess.com"]
[Source "ChessBase"]
[SourceQuality "1"]
[TimeControl "40/5400+30:1800+30"]

1. d4 d5 2. c4 dxc4 3. Nf3 a6 4. a4 Nf6 5. e3 e6 6. Bxc4 c5 7. O-O Nc6 8. dxc5 Qc7 9. b3 Bxc5 10. Bb2 Be7 11. Nbd2 O-O 12. Rc1 Rd8 13. Qe2 h6 14. h3 Bd7 15. Bd3 Qb8 16. Nc4 b5 17. Nce5 Nb4 18. Nxd7 Rxd7 19. Bb1 bxa4 20. bxa4 Qd8 21. Bd4 Qa5 22. Ne5 Rdd8 23. Nc4 Qg5 24. Ne5 Rac8 25. Nd3 Rxc1 26. Nxc1 Qa5 27. Bc2 Rc8 28. Bb3 Nbd5 29. Nd3 Nc3 30. Qb2 Nxa4 31. Bxa4 Qxa4 32. Qb7 Re8 33. Ne5 Qb5 34. Qxb5 axb5 35. Rb1 b4 36. Nc6 Bd6 37. g3 Rc8 38. Na5 Ne4 39. Nb3 e5 40. Bb6 Rc2 41. Rd1 Be7 42. Rf1 f6 43. g4 Kf7 44. f4 Rc3 45. Na5 exf4 46. exf4 Rxh3 0-1

[Event "HUN-ch U8-U18 2019"]
[Site "Balatonlelle"]
[Date "2019.06.25"]
[Round "6.20"]
[White "Pesti, Mate"]
[Black "Kresz, Adam"]
[Result "1/2-1/2"]
[ECO "C02"]
[WhiteElo "1925"]
[BlackElo "1949"]
[Annotator "NA"]
[PlyCount "41"]
[EventDate "2019.06.21"]
[EventType "swiss"]
[EventCountry "HUN"]
[SourceTitle "playchess.com"]
[Source "ChessBase"]
[SourceQuality "1"]
[TimeControl "40/5400+30:1800+30"]

1. e4 e6 2. d4 d5 3. e5 c5 4. c3 Nc6 5. Nf3 Qb6 6. Bd3 cxd4 7. cxd4 Bd7 8. Bc2 Nb4 9. O-O Nxc2 10. Qxc2 Rc8 11. Nc3 Ne7 12. Rd1 Qa6 13. Be3 Nc6 14. Nd2 Bb4 15. Nb3 Na5 16. Nxa5 Bxc3 17. Nxb7 Ba4 18. Nd6+ Kd7 19. Qd3 Qxd3 20. Rxd3 Bxb2 21. Nxc8 1/2-1/2

[Event "HUN-ch U8-U18 2019"]
[Site "Balatonlelle"]
[Date "2019.06.25"]
[Round "6.20"]
[White "Szegedy, Matyas"]
[Black "Makay, Mark Janos"]
[Result "1-0"]
[ECO "B40"]
[WhiteElo "1806"]
[BlackElo "1354"]
[Annotator "NA"]
[PlyCount "87"]
[EventDate "2019.06.21"]
[EventType "swiss"]
[EventCountry "HUN"]
[SourceTitle "playchess.com"]
[Source "ChessBase"]
[SourceQuality "1"]
[TimeControl "40/5400+30:1800+30"]

1. e4 c5 2. Nf3 e6 3. c3 Nf6 4. e5 Nd5 5. d4 cxd4 6. cxd4 d6 7. a3 Nc6 8. Bd3 Be7 9. O-O O-O 10. Nc3 Nxc3 11. bxc3 dxe5 12. dxe5 Qc7 13. Qe2 b6 14. Re1 Bb7 15. Bg5 Nd4 16. Nxd4 Bxg5 17. Nb5 Qc6 18. Be4 Qxe4 19. Qxe4 Bxe4 20. Rxe4 a6 21. Nd6 Be7 22. Rd1 b5 23. Kf1 Rfd8 24. Ke2 Ra7 25. Red4 Rad7 26. Nxb5 Rxd4 27. Nxd4 Bxa3 28. Rb1 Rc8 29. Kd3 Bc5 30. Ra1 Bxd4 31. Kxd4 Rc6 32. c4 Kf8 33. Rb1 Ke7 34. Rb7+ Ke8 35. c5 g6 36. g3 Rc8 37. Kc4 Rd8 38. c6 Rd1 39. Kc5 Kd8 40. Rxf7 Rc1+ 41. Kd6 Rd1+ 42. Kxe6 a5 43. Rd7+ Rxd7 44. cxd7 1-0

[Event "HUN-ch U8-U18 2019"]
[Site "Balatonlelle"]
[Date "2019.06.25"]
[Round "6.21"]
[White "Erseki, Tamara"]
[Black "Szabo, Andrea Erzsebet"]
[Result "1-0"]
[ECO "B01"]
[WhiteElo "1999"]
[BlackElo "1582"]
[Annotator "NA"]
[PlyCount "37"]
[EventDate "2019.06.21"]
[EventType "swiss"]
[EventCountry "HUN"]
[SourceTitle "playchess.com"]
[Source "ChessBase"]
[SourceQuality "1"]
[TimeControl "40/5400+30:1800+30"]

1. e4 d5 2. exd5 Qxd5 3. Nc3 Qa5 4. d4 Nf6 5. Nf3 Bf5 6. Bd3 Bxd3 7. Qxd3 e6 8. O-O Bd6 9. Re1 O-O 10. Ne4 Nbd7 11. Bd2 Qb6 12. c4 c5 13. Bc3 Nxe4 14. Qxe4 Nf6 15. Qh4 Qd8 16. dxc5 Bxc5 17. Rad1 Qe7 18. Qg5 Bb4 19. Rd7 1-0

[Event "HUN-ch U8-U18 2019"]
[Site "Balatonlelle"]
[Date "2019.06.25"]
[Round "6.21"]
[White "Szabo, Marton Nandor"]
[Black "Bodrogi, Bendeguz"]
[Result "1/2-1/2"]
[ECO "A31"]
[WhiteElo "1665"]
[BlackElo "1925"]
[Annotator "NA"]
[PlyCount "71"]
[EventDate "2019.06.21"]
[EventType "swiss"]
[EventCountry "HUN"]
[SourceTitle "playchess.com"]
[Source "ChessBase"]
[SourceQuality "1"]
[TimeControl "40/5400+30:1800+30"]

1. Nf3 c5 2. c4 Nf6 3. d4 cxd4 4. Nxd4 Nc6 5. Nc3 g6 6. e4 d6 7. Be3 Ng4 8. Nxc6 bxc6 9. Bd2 Bg7 10. Be2 Nf6 11. Be3 O-O 12. O-O Qa5 13. Rc1 Rb8 14. Qd2 Rd8 15. Rfd1 Be6 16. b3 Ng4 17. Bxg4 Bxg4 18. f3 Be6 19. Bd4 c5 20. Bxg7 Kxg7 21. Nd5 Qxd2 22. Rxd2 Bxd5 23. cxd5 Rb4 24. Rdc2 a5 25. Rc4 Kf6 26. f4 g5 27. g3 gxf4 28. gxf4 e5 29. dxe6 Kxe6 30. Kf2 Rdb8 31. Ke3 Rg8 32. Kf3 f5 33. e5 Rxc4 34. Rxc4 Rb8 35. Ke3 Rb4 36. exd6 {[%emt 0:01:41] Ke5 Ke4+} 1/2-1/2

[Event "HUN-ch U8-U18 2019"]
[Site "Balatonlelle"]
[Date "2019.06.25"]
[Round "6.22"]
[White "Karacsonyi, Kata"]
[Black "Sulyok, Eszter"]
[Result "1/2-1/2"]
[ECO "B41"]
[WhiteElo "1798"]
[BlackElo "1840"]
[Annotator "NA"]
[PlyCount "138"]
[EventDate "2019.06.21"]
[EventType "swiss"]
[EventCountry "HUN"]
[SourceTitle "playchess.com"]
[Source "ChessBase"]
[SourceQuality "1"]
[TimeControl "40/5400+30:1800+30"]

1. e4 c5 2. Nf3 e6 3. d4 cxd4 4. Nxd4 a6 5. c4 Nf6 6. Nc3 Qc7 7. Be2 Bb4 8. Nc2 Bxc3+ 9. bxc3 Nc6 10. f3 h6 11. Ba3 Ne7 12. Bd6 Qd8 13. Ne3 O-O 14. c5 Ne8 15. Nc4 Nxd6 16. Qxd6 Nc6 17. Nb6 Rb8 18. O-O Qg5 19. f4 Qe7 20. Rad1 Rd8 21. Qxe7 Nxe7 22. Rd6 g6 23. Bc4 Kf8 24. g4 Ke8 25. h4 Nc6 26. Rf2 Ke7 27. Kg2 Rg8 28. g5 h5 29. Bb3 Rd8 30. Ba4 Rf8 31. Kg1 Rd8 32. Rfd2 Ke8 33. Re2 Ke7 34. Red2 Ke8 35. Kh1 Ke7 36. Bb3 Na7 37. Ba4 Nc6 38. Rd1 Ke8 39. Kh2 Ke7 40. Kg3 Ke8 41. f5 gxf5 42. Bxc6 bxc6 43. exf5 Ke7 44. Kf4 Rb7 45. g6 fxg6 46. fxe6 Rf8+ 47. Kg5 dxe6 48. Rxc6 Bd7 49. Nxd7 Rxd7 50. Rxd7+ Kxd7 51. Rd6+ Ke7 52. Rxa6 Rf5+ 53. Kxg6 Rxc5 54. Ra3 Kd6 55. Rb3 Kc6 56. a4 Rc4 57. Rb4 Rxc3 58. Kxh5 e5 59. Kg5 Kd5 60. h5 e4 61. Kg4 Ke5 62. h6 Rc7 63. Kg3 Rf7 64. a5 e3 65. h7 Rxh7 66. Kf3 Ra7 67. Rh4 e2 68. Kxe2 Kd5 69. Kd3 Ke5 {Ke4+} 1/2-1/2

[Event "HUN-ch U8-U18 2019"]
[Site "Balatonlelle"]
[Date "2019.06.25"]
[Round "6.22"]
[White "Gulacsi, Donat Ferenc"]
[Black "Magold, Filip"]
[Result "0-1"]
[ECO "B20"]
[WhiteElo "1638"]
[BlackElo "1906"]
[Annotator "NA"]
[PlyCount "68"]
[EventDate "2019.06.21"]
[EventType "swiss"]
[EventCountry "HUN"]
[SourceTitle "playchess.com"]
[Source "ChessBase"]
[SourceQuality "1"]
[TimeControl "40/5400+30:1800+30"]

1. e4 c5 2. Ne2 d6 3. c4 Nf6 4. Nbc3 g6 5. d4 cxd4 6. Nxd4 Bg7 7. Be2 a6 8. Be3 Nbd7 9. O-O Nc5 10. f3 O-O 11. Rc1 Ne6 12. b3 Bd7 13. Qd2 Re8 14. Nd5 Nxd5 15. exd5 Nxd4 16. Bxd4 e5 17. dxe6 Rxe6 18. Bxg7 Kxg7 19. f4 Bc6 20. f5 Re5 21. f6+ Kg8 22. Bf3 Rf5 23. Bxc6 Rxf1+ 24. Rxf1 bxc6 25. Qf4 a5 26. Rf3 d5 27. Rh3 dxc4 28. bxc4 Qd1+ 29. Kf2 Qc2+ 30. Kg3 Rd8 31. Qh6 Rd3+ 32. Kh4 Qf2+ 33. Kg5 Qf5+ 34. Kh4 Rd4+ 0-1